 Dungeon Crawl Stone Soup version 0.32-a0-918-g0f22ef8d61 (webtiles) character file.

Game seed: 14464133792464746948

39 HilariousDeathArtist the Trooper (level 3, -12/31 HPs)
             Began as a Coglin Monk on Apr 10, 2024.
             Killed by an exploding gnoll (33 damage)
             ... ignited by their inner flame
             ... on level 2 of the Dungeon.
             The game lasted 00:01:40 (1466 turns).

HilariousDeathArtist the Trooper (Coglin Monk)      Turns: 1466, Time: 00:01:40

Health: -12/31     AC:  7    Str: 13    XL:     3   Next: 47%
Magic:  3/3        EV: 10    Int:  9    God:
Gold:   110        SH:  0    Dex: 16    Spells: 2/2 levels left

rFire   . . .        a - +0 hand axe {Cândido}
rCold   . . .        d - orb {light}
rNeg    . . .        h - +0 ring mail
rPois   .            (no helmet)
rElec   .            (no cloak)
rCorr   .            (no gloves)
SInv    .            i - +1 pair of boots
Will    .....        (amulet unavailable)
Stlth   +            (ring unavailable)
HPRegen 0.25/turn    (ring unavailable)
MPRegen 0.08/turn    (no gizmo)

%: no passive effects
@: weak-willed, glowing, revving
A: off-hand wielding, slow wielding, warmup strikes, no jewellery
a: Invent Gizmo


You were on level 2 of the Dungeon.
You visited 1 branch of the dungeon, and saw 2 of its levels.

You collected 110 gold pieces.

Inventory:

Hand Weapons
 a - a +0 hand axe (weapon) {Cândido}
 j - a +0 mace
   (You found it on level 1 of the Dungeon)
Missiles
 e - 3 poisoned darts
Armour
 b - a +0 robe
 d - an orb of light (worn)
 h - a +0 ring mail (worn)
   (You found it on level 1 of the Dungeon)
 i - a +1 pair of boots (worn)
   (You found it on level 1 of the Dungeon)
Talismans
 n - a talisman of death
   (You found it on level 1 of the Dungeon)
Scrolls
 g - a scroll of identify {@r1}
Potions
 c - a potion of haste {unknown}
 k - 2 potions of might {unknown}
 l - a potion of attraction {unknown}
 o - a potion of mutation {unknown}
 G - a potion of ambrosia {!q}


   Skills:
 + Level 4.4 Fighting
 - Level 3.0 Axes
 - Level 2.6 Dodging


You had 2 spell levels left.
You didn't know any spells.
Your spell library contained the following spells:

 Spells                   Type           Power      Damage    Failure   Level
 Jinxbite                 Hex            0%         N/A       80%         2
 Yara's Violent Unravell  Hex/Alch       0%         3d3       100%        5
 Enfeeble                 Hex            0%         N/A       100%        7


Dungeon Overview and Level Annotations

Branches:
Dungeon (2/15)

Altars:


Innate Abilities, Weirdness & Mutations

You can wield a second weapon in your off-hand.
It takes a long time for you to wield or remove held weapons.
Your first few attacks do less damage.
You cannot equip rings or amulets.


Message History

There is an open door here.
You now have 102 gold pieces (gained 13).
There is an open door here.
Found a stone staircase leading up.
o - a fuming silvery potion
Found a stone staircase leading down.
A quokka comes into view.
A quokka is nearby!
The quokka bites you but does no damage.
You hit the quokka.
You kill the quokka!
No target in view!
No target in view!
No target in view!
No target in view!
You open the door.
There is an open door here.
There is an open door here.
There is an open door here.
You see here a hobgoblin corpse.
There is an open door here.
A giant cockroach comes into view.
A giant cockroach is nearby!
The giant cockroach closely misses you. x2
You hit the giant cockroach.
The giant cockroach bites you but does no damage.
You hit the giant cockroach.
You kill the giant cockroach!
No target in view!
No target in view!
No target in view!
You open the door.
There is an open door here.
Found a stone staircase leading down.
There is a stone staircase leading down here.
You open the door.
A goblin comes into view. It is wielding a +0 dagger.
The goblin shouts!
There is an open door here.
You hit the goblin.
You kill the goblin!
No target in view!
No target in view!
No target in view!
You open the door.
There is an open door here.
As you open the door, it creaks loudly!
You open the door.
There is an open door here.
You now have 110 gold pieces (gained 8).
There is an open door here.
A rat comes into view.
The rat squeaks loudly.
A rat is nearby!
A rat is nearby!
You hit the rat.
You kill the rat!
No target in view!
No target in view!
No target in view!
There is an open door here.
There are monsters nearby!
A gnoll comes into view. It is wielding a +0 halberd.
The gnoll shouts!
There is an open door here.
You barely miss the gnoll. The gnoll hits you with a +0 mace.
You take 2 damage, and have 29/31 hp.
You hit the gnoll. The gnoll hits you with a +0 mace.
You take 2 damage, and have 27/31 hp.
You barely miss the gnoll. The gnoll hits you with a +0 mace. x2
You take 9 damage, and have 18/31 hp.
MASSIVE DAMAGE!!
As you read the scroll labelled INITOW TIURGHU, it crumbles to dust.
A wave of despondency washes over your surroundings.
It was a scroll of vulnerability.
Okay, then.
Okay, then.
Okay, then.
Okay, then.
It was a potion of heal wounds.
You feel much better. The gnoll hits you but does no damage.
The gnoll misses you.
Health restored: 31
Okay, then.
As you read the scroll of immolation {!r}, it crumbles to dust.
The creatures around you are filled with an inner flame!
The gnoll hits you with a +0 mace.
The gnoll hits you from afar with a +0 halberd.
You take 10 damage, and have 21/31 hp.
MASSIVE DAMAGE!!
Throw: 4 darts (poison)
Press: ? - help, Shift-Dir - straight line, f - gnoll
Aim: a gnoll, wielding a +0 mace (lightly wounded, inner flame, weak-willed, haloed, 82% to hit)
You throw a poisoned dart. The poisoned dart hits the gnoll.
The gnoll is poisoned.
Flame seeps out of the gnoll.
The gnoll is engulfed in blazing flames.
The gnoll explodes!
The fiery explosion engulfs the gnoll!!
The fiery explosion engulfs you!!
Ouch! That really hurt!
You die...

#......####
#..........
#.....)...#
#.........#
#.........#
#.g....g..#
##§####...# #○# #
#@#
#.###############
#...............#
###......########
...'.............
####.............
#......#######
#..†...# #...#
#......# #...#


You could see a gnoll (inner flame, weak-willed).

Vanquished Creatures
  3 gnolls
  2 dart slugs (D:1)
  3 giant cockroaches
  4 goblins
  2 hobgoblins
  3 quokkas
  3 ball pythons (D:1)
  A bat (D:1)
  3 kobolds (D:1)
  A rat (D:2)
25 creatures vanquished.

Notes
Turn   | Place    | Note
-------+----------+-------------------------------------------
     0 | D:1      | HilariousDeathArtist the Coglin Monk began the quest for
                  | the Orb.
     0 | D:1      | Reached XP level 1. HP: 18/18 MP: 1/1
    93 | D:1      | Reached XP level 2. HP: 22/24 MP: 2/2
   607 | D:1      | Reached skill level 4 in Fighting
   984 | D:1      | Reached XP level 3. HP: 22/30 MP: 3/3
  1466 | D:2      | Killed by an exploding gnoll... ignited by their inner
                  | flame

Illustrated notes

Levels and vault maps discovered:
D:1:      eino_arrival_druids_welcome, layout_basic
D:2:      layout_basic, uniq_crazy_yiuf_cottage

Skill      XL: |  1  2 |
---------------+-------+-----
Fighting       | 4 |  4.4
Axes           | |  3.0
Dodging        | |  2.6

Action                     || total
---------------------------++-------
  Melee: Hand axe          ||    67
  Throw: Stone             ||     8
         Dart              ||     1
    Use: Scroll            ||     3
         Potion            ||     1
 Armour: Robe              ||    24
         Ring mail         ||    23
  Dodge: Dodged            ||    37

Table legend: (Time is in decaauts)
 A = Elapsed time spent in this place.
 B = Non-inter-level travel time spent in this place.
 C = Inter-level travel time spent in this place.
 D = Time resting spent in this place.
 E = Time spent auto-exploring this place.
 F = Levels seen in this place.
 G = Mean time per level.
                   A        B        C        D        E       F      G
               +--------+--------+--------+--------+--------+-----+--------+
         Total |   1477 |   1350 |    127 |      0 |   1134 |   2 |  738.5 |
       Dungeon |   1477 |   1350 |    127 |      0 |   1134 |   2 |  738.5 |
               +--------+--------+--------+--------+--------+-----+--------+

Top non-repeatable levels by time:
     D:1: 1057 daAuts
     D:2: 420 daAuts

Levels and vault maps discovered:
D:1:      eino_arrival_druids_welcome, layout_basic
D:2:      layout_basic, uniq_crazy_yiuf_cottage

Table legend: (Time is in decaauts)
 A = Elapsed time spent in this place.
 B = Non-inter-level travel time spent in this place.
 C = Inter-level travel time spent in this place.
 D = Time resting spent in this place.
 E = Time spent auto-exploring this place.
 F = Levels seen in this place.
 G = Mean time per level.
                   A        B        C        D        E       F      G
               +--------+--------+--------+--------+--------+-----+--------+
         Total |   1477 |   1350 |    127 |      0 |   1134 |   2 |  738.5 |
       Dungeon |   1477 |   1350 |    127 |      0 |   1134 |   2 |  738.5 |
               +--------+--------+--------+--------+--------+-----+--------+

Top non-repeatable levels by time:
     D:1: 1057 daAuts
     D:2: 420 daAuts

Table legend:
 A = Kills in this place as a percentage of kills in the entire game.
 B = Kills by you in this place as a percentage of kills by you in the entire game.
 C = Kills by friends in this place as a percentage of kills by friends in the entire game.
 D = Other kills in this place as a percentage of other kills in the entire game.
 E = Experience gained in this place as a percentage of experience gained in the entire game.
 F = Experience gained in this place divided by the number of levels of this place that you have seen.
                   A       B       C       D       E      F
               +-------+-------+-------+-------+-------+----------------------
         Total | 100.0 | 100.0 |   N/A |   N/A | 100.0 |  43.0
       Dungeon | 100.0 | 100.0 |   N/A |   N/A | 100.0 |  43.0
               +-------+-------+-------+-------+-------+----------------------
